 Dungeon Crawl Stone Soup version 0.27.1-33-g824d729ab1 (webtiles) character file.

Game seed: 17542147547960492269

72 SensoryNuts the Cudgeller (level 4, 0/29 HPs)
             Began as a Gargoyle Monk on Dec 6, 2021.
             Slain by a bat (1 damage)
             ... on level 2 of the Dungeon.
             The game lasted 00:01:43 (1639 turns).

SensoryNuts the Cudgeller (Gargoyle Monk)           Turns: 1639, Time: 00:01:44

Health: 0/29       AC:  5    Str: 16    XL:     4   Next: 25%
Magic:  4/4        EV: 12    Int: 10    God:
Gold:   35         SH:  0    Dex: 12    Spells: 3/3 levels left

rFire    . . .     SeeInvis .   a - +0 mace
rCold    . . .     Faith    .   (no shield)
rNeg     + . .     Spirit   .   b - +0 robe
rPois    ∞         Reflect  .   (no helmet)
rElec    +         Harm     .   (no cloak)
rCorr    .         Rampage  .   (no gloves)
Will     .....                  (no boots)
Stlth    ++........             (no amulet)
HPRegen  0.09/turn              (no ring)
MPRegen  0.09/turn              (no ring)

@: no status effects
A: sickness immunity, AC +3, negative energy resistance 1, electricity
resistance, torment resistance 1, petrification resistance
a: no special abilities


You were on level 2 of the Dungeon.
You visited 1 branch of the dungeon, and saw 2 of its levels.

You collected 35 gold pieces.

Inventory:

Hand Weapons
 a - a +0 mace (weapon)
 g - a +2 vorpal spear
Armour
 b - a +0 robe (worn)
Scrolls
 d - a scroll of noise {unknown}
 e - a scroll of blinking {unknown}
 f - a scroll of identify {unknown}
Potions
 c - a potion of haste {unknown}


   Skills:
 + Level 3.7 Fighting
 + Level 4.0 Maces & Flails
 + Level 2.9 Dodging
 + Level 2.6 Stealth


You had 3 spell levels left.
You didn't know any spells.
Your spell library was empty.

Dungeon Overview and Level Annotations

Branches:
Dungeon (2/15)

Altars:

Annotations:
D:2 Robin


Innate Abilities, Weirdness & Mutations

You are immune to sickness and miasma.
Your stone body is resilient. (AC +3)
You are immune to poison.
You resist negative energy. (rN+)
You are resistant to electric shocks. (rElec)
You are resistant to unholy torment.
You are immune to petrification.


Message History

* * * LOW HITPOINT WARNING * * *
You barely miss the goblin. The goblin closely misses you.
The goblin barely misses you.
You hit the goblin.
You kill the goblin!
The bat misses you. The goblin misses you.
You hit the bat.
The bat is severely wounded.
The bat closely misses you. The goblin barely misses you.
The goblin hits you but does no damage. The bat closely misses you.
The bat closely misses you. The goblin closely misses you.
You closely miss the goblin.
The goblin hits you but does no damage. x2
You closely miss the goblin. The goblin closely misses you.
You hit the goblin.
The goblin is moderately wounded.
The goblin misses you.
You hit the goblin.
You kill the goblin!
The bat misses you. The giant cockroach barely misses you.
Your Maces & Flails skill increases to level 4!
You hit the giant cockroach.
The giant cockroach is severely wounded.
The giant cockroach bites you.
* * * LOW HITPOINT WARNING * * *
You hit the giant cockroach.
You kill the giant cockroach!
The bat barely misses you. The bat closely misses you.
You hit the goblin.
You kill the goblin!
The bat hits you but does no damage. x2
You barely miss the bat.
The bat is heavily wounded.
The bat hits you but does no damage. x2
You miss the bat.
The bat is heavily wounded.
The bat hits you.
* * * LOW HITPOINT WARNING * * *
The bat hits you.
You die...

............# #.#
###......# ..
##...#....# ..
####..###....# .#
#....## #....# .#
#.#### ###### ##.#
..#
############..#
.##
#.........##.## ##
#.........##@#
#####.........#b.#
................##
#####..........##
#..........)#
###..........†#
#...#########.#
#.### #g# #.#
######B#####


You could see a bat.

Vanquished Creatures
  Natasha (D:2)
  3 dart slugs
  3 endoplasms
  4 giant cockroaches
  2 hobgoblins (D:2)
  3 ball pythons (D:1)
  4 bats (D:1)
  3 frilled lizards (D:1)
  12 goblins
  A kobold (D:1)
  2 rats (D:1)
38 creatures vanquished.

Notes
Turn   | Place    | Note
-------+----------+-------------------------------------------
     0 | D:1      | SensoryNuts the Gargoyle Monk began the quest for the Orb.
     0 | D:1      | Reached XP level 1. HP: 14/14 MP: 1/1
   152 | D:1      | Reached XP level 2. HP: 19/19 MP: 2/2
   843 | D:1      | Reached XP level 3. HP: 19/23 MP: 3/3
   961 | D:1      | Found a faded altar of an unknown god.
  1255 | D:2      | Noticed Natasha
  1282 | D:2      | Killed Natasha
  1554 | D:2      | Reached XP level 4. HP: 28/29 MP: 4/4
  1578 | D:2      | Noticed Robin
  1622 | D:2      | HP: 1/29 [goblin[Robin] (2)]
  1634 | D:2      | Reached skill level 4 in Maces & Flails
  1634 | D:2      | HP: 1/29 [giant cockroach (1)]
  1639 | D:2      | Slain by a bat

Illustrated notes

Levels and vault maps discovered:
D:1:      eino_arrival_cavern_b, layout_basic, serial_glass, glass_columns_a,
          glass_columns_a, glass_columns_c, glass_columns_a, glass_columns_a,
          glass_columns_b, glass_columns_c, glass_columns_b, glass_columns_a,
          glass_columns_b, glass_columns_a, glass_columns_a, glass_columns_b,
          glass_columns_c, shapermc_ecumenical_altar_ellora
D:2:      layout_rooms, uniq_jessica, uniq_natasha, uniq_crazy_yiuf_cottage,
          uniq_robin

Skill      XL: |  1  2  3  4 |
---------------+-------------+-----
Maces & Flails | 4 |  4.0
Fighting       | |  3.7
Dodging        | |  2.9
Stealth        | |  2.6

Action                   |  1- 3 |  4- 6 || total
-------------------------+-------+-------++-------
Melee: Mace              |    82 |    29 ||   111
  Use: Potion            |     2 |       ||     2
 Stab: Sleeping          |     3 |       ||     3
Armor: Robe              |    26 |    28 ||    54
Dodge: Dodged            |    50 |    55 ||   105
